 Dungeon Crawl Stone Soup version 0.27-a0-869-g165b36e3f0 (webtiles) character file.

Game seed: 7789537275530037652

4961 wakim the Tainter (level 10, -1/55 HPs)
             Began as a Gargoyle Venom Mage on Apr 2, 2021.
             Was a Priest of the Shining One.
             Slain by an orc knight
             ... wielding a +0 glaive
              (6 damage)
             ... in a bailey.
             The game lasted 00:36:02 (11855 turns).

wakim the Tainter (Gargoyle Venom Mage)            Turns: 11855, Time: 00:36:03

Health: -1/55      AC: 20    Str: 11    XL:     10   Next: 53%
Magic:  2/19       EV: 11    Int: 20    God:    the Shining One [***...]
Gold:   549        SH:  0    Dex: 14    Spells: 9/21 levels left

rFire    + . .     SeeInvis .   a - +4 flail {mace}
rCold    . . .     Faith    .   (no shield)
rNeg     + + .     Spirit   .   e - +5 ring mail "Adunat" {rF+ Dex+4}
rPois    ∞         Reflect  .   m - +0 helmet
rElec    +         Harm     .   d - +0 cloak
rCorr    .         Rampage  .   (no gloves)
Will     .....                  (no boots)
Stlth    +.........             (no amulet)
HPRegen  0.18/turn              (no ring)
MPRegen  0.16/turn              (no ring)

@: glowing, studying Summonings
A: AC +7, negative energy resistance 1, electricity resistance, torment
resistance 1, unbreathing 1, petrification resistance
a: Renounce Religion, Divine Shield


You were in a bailey.
You worshipped the Shining One.
The Shining One was most pleased with you.
You visited 2 branches of the dungeon, and saw 10 of its levels.
You also visited: Bailey.

You collected 549 gold pieces.


Innate Abilities, Weirdness & Mutations

Your stone body is resilient. (AC +7)
You are immune to poison.
You resist negative energy. (rN+)
You are resistant to electric shocks. (rElec)
You are resistant to unholy torment.
You can survive without breathing.
You are immune to petrification.


   Skills:
 + Level 2.8 Fighting
 * Level 5.1 Maces & Flails
 + Level 4.3 Armour
 * Level 3.7 Dodging
 - Level 2.1 Stealth
 - Level 6.0 Spellcasting
 - Level 3.0 Translocations
 - Level 2.0 Transmutations
 - Level 2.0 Fire Magic
 + Level 10.0 Poison Magic
 - Level 3.0 Invocations


You had 9 spell levels left.
You knew the following spells:

 Your Spells              Type           Power      Damage    Failure   Level
a - Sting                 Tmut/Pois      100%       1d8       1%          1
g - Ignite Poison         Fire/Tmut/Pois 24%        N/A       10%         3
s - Poisonous Vapours     Pois/Air       52%        N/A       4%          2
w - Olgreb's Toxic Radia  Pois           46%        N/A       3%          4
B - Blink                 Tloc           N/A        N/A       10%         2

Your spell library contained the following spells:

 Spells                   Type           Power      Damage    Failure   Level
 Mephitic Cloud           Conj/Pois/Air  19%        N/A       17%         3
 Magic Dart               Conj           24%        1d4       22%         1
 Call Imp                 Summ           6%         N/A       34%         2
 Slow                     Hex            6%         N/A       34%         2
 Conjure Flame            Conj/Fire      10%        6-21      41%         3

Inventory:

Hand Weapons
 a - a +4 flail (weapon) {mace}
   (You took it off a gnoll on level 4 of the Dungeon)
 b - a +0 hunting sling {sling}
   (You found it on level 1 of the Dungeon)
Missiles
 c - 75 bolts
 h - 141 arrows
 i - 10 boomerangs {throwing}
 l - 2 atropa-tipped darts {throwing}
 o - 70 sling bullets
 s - 60 poisoned darts {throwing}
Armour
 d - a +0 cloak (worn)
   (You found it on level 4 of the Dungeon)
 e - the +5 ring mail "Adunat" (worn) {rF+ Dex+4}
   (You found it on level 5 of the Dungeon)

   It affects your dexterity (+4).
   It protects you from fire.
 j - a +0 tower shield
   (You found it on level 7 of the Dungeon)
 m - a +0 helmet (worn)
   (You took it off Robin on level 4 of the Dungeon)
 p - a +2 animal skin
   (You took it off Robin on level 4 of the Dungeon)
Magical Staves
 f - a staff of air {!astaff}
   (You found it on level 3 of the Dungeon)
 k - a staff of poison {!astaff}
   (You found it on level 6 of the Dungeon)
Jewellery
 n - a ring of resist corrosion
   (You found it on level 7 of the Dungeon)
Wands
 u - a wand of mindburst (8)
   (You found it on level 6 of the Dungeon)
 v - a wand of flame (13)
   (You found it on level 5 of the Dungeon)
 w - a wand of acid (8)
   (You took it off a gnoll sergeant on level 8 of the Dungeon)
Scrolls
 g - 2 scrolls of enchant armour
 T - a scroll of teleportation {@r4}
Potions
 t - a potion of ambrosia {unknown}
 x - a potion of magic {unknown}
 z - 2 potions of invisibility {unknown}
 A - a potion of experience {unknown}
 B - 4 potions of attraction {!q}
 C - 2 potions of berserk rage {!q}
 D - a potion of brilliance
 E - a potion of cancellation
 F - 5 potions of curing {@q1}
 G - a potion of might {unknown}
 J - 6 potions of heal wounds {@q2}
 L - 2 potions of lignification {!q}
 M - 2 potions of mutation {!q}
 O - a potion of resistance

Dungeon Overview and Level Annotations

Branches:
Dungeon (9/15)             Temple (1/1) D:5            Lair (0/6) D:9
 Bailey (1/1)
    Orc: D:9-12

Altars:
Ashenzari
Dithmenos
Elyvilon
Hepliaklqana
Makhleb
Ru
Sif Muna
Trog
Uskayaw
Vehumet
Xom
The Shining One

Shops:
D:5 = D:6

[
#.......#
#.)).)..#
#.).))..#
#...)...#
##.....##
###'###
#.o.#
#...#
#.@.#
#...#
###'###
##.....##
#.......#
#...))).#
#)))))).#
#...))..#
#.......#


You could see an orc knight (poisoned).


Message History

😎 MP[-4]
You lost 4 mp, and now have 15/19 mp.
Unknown command.
Casting: Olgreb's Toxic Radiance (dangerous; 3% risk of failure)
Confirm with . or Enter, or press ? or * to list all spells.
You miscast Olgreb's Toxic Radiance.
You feel odd. You resist. 😎 MP[-4]
You lost 4 mp, and now have 11/19 mp.
Casting: Olgreb's Toxic Radiance (dangerous; 3% risk of failure)
Confirm with . or Enter, or press ? or * to list all spells.
You begin to radiate toxic energy.
The orc warrior is poisoned.
The orc is poisoned.
The orc warrior is poisoned. x2
The orc knight is poisoned.
The orc is poisoned. x7
The orc warrior looks even sicker. x3; The orc looks even sicker. x2
You kill the orc! x2
The orc misses you.
The orc hits you but does no damage. 😎 MP[-4]
You lost 4 mp, and now have 7/19 mp.
The orc warrior looks even sicker.
The orc knight looks even sicker.
You kill the orc!
The orc looks even sicker. x2
You kill the orc!
The orc looks even sicker.
You kill the orc!
You kill the orc!
The orc knight looks even sicker.
You kill the orc! x2
Your toxic aura wanes.
Casting: Olgreb's Toxic Radiance (dangerous; 3% risk of failure)
Confirm with . or Enter, or press ? or * to list all spells.
You ignite the poison in your surroundings!
The orc warrior seems to burn from within!!!
You kill the orc warrior!
The orc warrior seems to burn from within!!
You kill the orc warrior!
The orc knight seems to burn from within!!
The orc warrior seems to burn from within!!
You kill the orc warrior!
Your Maces & Flails skill increases to level 5!
Your Poison Magic skill increases to level 10! 😎 HP[+1] MP[-2]
You now have 55 max hp (+1).
Your hp is fully restored (55).
You lost 2 mp, and now have 5/19 mp.
The orc knight hits you from afar with a +0 glaive. 😕 HP[-5]
You take 5 damage, and now have 50/55 hp.
The orc knight hits you with a +0 glaive.
You hit the orc knight but do no damage.
The orc knight hits you with a +0 glaive!!
* * * LOW HITPOINT WARNING * * *
😨 HP[-26]
You take 26 damage, and now have 24/55 hp.
MASSIVE DAMAGE!! (PAUSE)
The orc knight hits you from afar with a +0 glaive!
* * * LOW HITPOINT WARNING * * *
😱 HP[-12] MP[+1]
You take 12 damage, and now have 12/55 hp.
MASSIVE DAMAGE!! (PAUSE)
Casting: Ignite Poison (dangerous; 10% risk of failure)
Confirm with . or Enter, or press ? or * to list all spells.
Aiming: Poisonous Vapours (safe; 4% risk of failure)
Press: ? - help, Dir - move target, f - orc knight
Aim: an orc knight, wielding a +0 glaive and wearing a +0 chain mail (severely wounded, haloed) Poisonous vapours surround the orc knight!
The orc knight is engulfed in poison gas.
The orc knight is poisoned.
The orc knight hits you from afar with a +0 glaive!
* * * LOW HITPOINT WARNING * * *
😱 HP[-10] MP[-2]
You take 10 damage, and now have 2/55 hp.
You lost 2 mp, and now have 4/19 mp. 😱 HP[+1]
There is an open gate here. 😱 MP[+1]
Items here: ))) [[ †. 😱 HP[+1]
You see here a +0 halberd {polearm}.
The orc knight looks more healthy.
Your magical contamination has completely faded away.
There is an open door here. 😱 MP[+1] 😱 HP[+1]
Casting: Poisonous Vapours (safe; 4% risk of failure)
Confirm with . or Enter, or press ? or * to list all spells.
Aiming: Poisonous Vapours (safe; 4% risk of failure)
Press: ? - help, Dir - move target, f/p - orc knight
Aim: an orc knight, wielding a +0 glaive and wearing a +0 chain mail (almost dead, haloed) Poisonous vapours surround the orc knight! 😱 MP[-2]
You lost 2 mp, and now have 4/19 mp.
Casting: Poisonous Vapours (safe; 4% risk of failure)
Confirm with . or Enter, or press ? or * to list all spells.
Aiming: Poisonous Vapours (safe; 4% risk of failure)
Press: ? - help, Dir - move target, f/p - orc knight
Aim: an orc knight, wielding a +0 glaive and wearing a +0 chain mail (almost dead, haloed) Poisonous vapours surround the orc knight!
The orc knight is engulfed in poison gas.
The orc knight is poisoned.
The orc knight hits you from afar with a +0 glaive.
You die...

Skill      XL: |  1  2  3  4  5  6  7  8  9 10 |
---------------+-------------------------------+-----
Poison Magic   | 4 6 7 8 9 10 | 10.0
Spellcasting   | 3 4 5 6 |  6.0
Transmutations | 1 2 |  2.0
Invocations    | 1 2 3 |  3.0
Armour         | 1 2 3 4 |  4.3
Maces & Flails | 1 2 3 5 |  5.1
Translocations | 1 2 3 |  3.0
Fire Magic     | 1 2 |  2.0
Dodging        | 2 3 |  3.7
Fighting       | 1 2 |  2.8
Stealth        | |  2.1

Action                   |  1- 3 |  4- 6 |  7- 9 | 10-12 || total
-------------------------+-------+-------+-------+-------++-------
Melee: Dagger            |    47 |    17 |       |       ||    64
       Flail             |       |    27 |    89 |    20 ||   136
       Spear             |       |     1 |       |       ||     1
 Fire: Hunting sling     |    10 |    16 |     2 |       ||    28
 Cast: Sting             |    10 |    11 |    17 |     3 ||    41
       Poisonous Vapours |    31 |    51 |    62 |    20 ||   164
       Olgreb's Toxic Ra |       |     3 |    10 |    12 ||    25
       Ignite Poison     |       |     1 |    20 |    12 ||    33
  Use: Scroll            |     3 |     2 |    11 |     3 ||    19
Armor: Robe              |    14 |    23 |     9 |       ||    46
       Ring mail         |       |       |    84 |    29 ||   113
       Animal skin       |       |       |     6 |       ||     6
Dodge: Dodged            |    42 |    50 |    92 |    21 ||   205

Levels and vault maps discovered:
D:1:      scummos_arrival_star, layout_loops_ring
D:2:      layout_basic
D:3:      layout_basic, old_standard_altar, basic_ecumenical_altar, uniq_grinder
D:4:      layout_rooms, overflow_temple_1_default, minmay_misc_feat_encased,
          lexackson_kobold_supper, uniq_robin
D:5:      layout_rooms, nicolae_overflow_hidden_temple, kennysheep_mini,
          minmay_temple_entry_poolview, serial_shops, nicolae_shop_behind_doors,
          grunt_ministairs_14
D:6:      layout_loops_ring, led_sif_pool, nicolae_elyvilon_temple_path,
          lemuel_doored_altar, trog_book, serial_shops, shop, hex_tiny,
          uniq_sigmund, uniq_pikel, uniq_eustachio
D:7:      layout_gridville, general_overflow_altar, lemuel_round_altar,
          st_stairs_10, minmay_manual_mares
D:8:      layout_cave_pools, nicolae_vehumet_altar_sigil, kennysheep_mini_moat,
          special_room [special_room_orc], minmay_guarded_unrand_variability
D:9:      nzn_winding_woodlands_medium [nzn_winding_woodlands_hourglass,
          nzn_winding_woodlands_5x15_twine,
          nzn_winding_woodlands_5x5_checkerboard,
          nzn_winding_woodlands_5x5_closed_star,
          nzn_winding_woodlands_center_garden, nzn_winding_woodlands_5x5_three,
          nzn_winding_woodlands_5x5_perimeter,
          nzn_winding_woodlands_5x15_longhouse,
          nzn_winding_woodlands_5x5_cross], layout_layer_cave,
          cheibriados_altar_1, enter_bailey_3
Temple:   nicolae_temple_figure_zero
Bailey:   bailey_polearm_5, bailey

Notes
Turn   | Place    | Note
-------+----------+-------------------------------------------
     0 | D:1      | wakim the Gargoyle Venom Mage began the quest for the Orb.
     0 | D:1      | Reached XP level 1. HP: 10/10 MP: 3/3
     0 | D:1      | magus.rc [v1.9.6]
   320 | D:1      | Reached XP level 2. HP: 15/15 MP: 1/5
   369 | D:1      | Learned a level 2 spell: Poisonous Vapours
   890 | D:1      | Reached XP level 3. HP: 13/19 MP: 3/6
  1445 | D:2      | Reached skill level 4 in Poison Magic
  1681 | D:2      | HP: 3/19 [kobold/+0 whip (3)]
  2073 | D:2      | Reached XP level 4. HP: 24/24 MP: 3/8
  2269 | D:2      | Learned a level 4 spell: Olgreb's Toxic Radiance
  3027 | D:2      | Reached skill level 3 in Spellcasting
  3356 | D:3      | Reached XP level 5. HP: 28/28 MP: 6/9
  3741 | D:3      | Noticed Grinder
  3912 | D:3      | Found a faded altar of an unknown god.
  3919 | D:3      | Became a worshipper of the Shining One
  3919 | D:3      | Reached * piety under the Shining One
  4049 | D:3      | Reached skill level 5 in Poison Magic
  4210 | D:3      | Learned a level 3 spell: Ignite Poison
  4243 | D:3      | Paralysed by Grinder for 6 turns
  4264 | D:3      | Paralysed by Grinder for 4 turns
  4266 | D:3      | Killed Grinder
  4267 | D:3      | Reached skill level 6 in Poison Magic
  4267 | D:3      | Reached XP level 6. HP: 11/32 MP: 0/11
  4835 | D:3      | Found a hazy altar of Hepliaklqana.
  4837 | D:3      | You pick up a book of Minor Magic and begin reading...
  4837 | D:3      | You add the spells Magic Dart, Blink, Call Imp, Slow and
                  | Conjure Flame to your library.
  4841 | D:3      | Learned a level 2 spell: Blink
  5022 | D:4      | Reached skill level 4 in Spellcasting
  5252 | D:4      | Noticed Robin
  5263 | D:4      | Killed Robin
  5464 | D:3      | Reached XP level 7. HP: 34/36 MP: 13/13
  5658 | D:4      | Reached skill level 7 in Poison Magic
  6073 | D:4      | Found a broken altar of Ashenzari.
  6370 | D:5      | Entered Level 5 of the Dungeon
  6452 | D:5      | Identified the +5 ring mail "Adunat" {rF+ Dex+4}
  6699 | D:5      | Reached skill level 1 in Transmutations
  6811 | D:5      | Reached skill level 1 in Invocations
  6851 | D:5      | Reached ** piety under the Shining One
  6865 | D:5      | Reached skill level 1 in Armour
  6878 | D:5      | You pick up a book of Minor Magic and begin reading...
  6905 | D:5      | Reached skill level 1 in Maces & Flails
  6905 | D:5      | Reached skill level 1 in Translocations
  6905 | D:5      | Reached skill level 1 in Fire Magic
  6905 | D:5      | Reached XP level 8. HP: 31/41 MP: 8/14
  7076 | D:5      | Found a staircase to the Ecumenical Temple.
  7164 | D:5      | Found a shimmering altar of Xom.
  7192 | Temple   | Entered the Ecumenical Temple
  7297 | D:5      | Found Jant's Jewellery Shop.
  7436 | D:6      | Noticed Eustachio
  7440 | D:6      | Killed Eustachio
  7443 | D:6      | Identified a +2 robe of the Archmagi
  7443 | D:6      | Noticed Sigmund
  7518 | D:6      | Found a burning altar of Makhleb.
  7546 | D:6      | Killed Sigmund
  7547 | D:6      | Reached skill level 2 in Transmutations
  7547 | D:6      | Reached skill level 2 in Fire Magic
  7547 | D:6      | Reached skill level 8 in Poison Magic
  7547 | D:6      | Reached skill level 2 in Invocations
  7551 | D:6      | Reached skill level 2 in Armour
  7598 | D:6      | Noticed Pikel
  7598 | D:6      | Found Ovuipn's Armour Boutique.
  7610 | D:6      | Killed Pikel
  7611 | D:6      | Reached skill level 2 in Maces & Flails
  7611 | D:6      | Reached skill level 2 in Translocations
  7611 | D:6      | Reached XP level 9. HP: 33/45 MP: 4/16
  7799 | D:6      | Reached skill level 3 in Invocations
  7832 | D:6      | Reached skill level 3 in Armour
  7922 | D:6      | Found a bloodstained altar of Trog.
  7963 | D:6      | Reached skill level 3 in Maces & Flails
  8112 | D:6      | Reached skill level 5 in Spellcasting
  8235 | D:6      | Found a white marble altar of Elyvilon.
  8389 | D:6      | Found a shimmering blue altar of Sif Muna.
  8575 | D:7      | Reached skill level 9 in Poison Magic
  8590 | D:6      | Reached skill level 3 in Translocations
  8760 | D:7      | Found a sacrificial altar of Ru.
  8824 | D:7      | Identified the +5 rapier of Res Nullius {drain, Str+5}
  9573 | D:7      | Found a shadowy altar of Dithmenos.
  9994 | D:8      | Reached skill level 2 in Dodging
 10080 | D:8      | Reached skill level 1 in Fighting
 10295 | D:8      | Reached XP level 10. HP: 52/52 MP: 12/18
 10378 | D:7      | Reached skill level 4 in Maces & Flails
 10668 | D:8      | Reached skill level 2 in Fighting
 10873 | D:8      | Reached skill level 3 in Dodging
 11209 | D:8      | Found a hide-covered altar of Uskayaw.
 11258 | D:8      | Reached skill level 4 in Armour
 11258 | D:8      | Reached skill level 6 in Spellcasting
 11304 | D:8      | Found a radiant altar of Vehumet.
 11439 | D:8      | Found a shimmering altar of Xom.
 11444 | D:8      | Found the +7 mace of Variability {chain chaos}
 11457 | D:8      | Identified the -2 helmet of Inaction {+Fly}
 11631 | D:9      | Found a staircase to the Lair.
 11647 | D:9      | Found a flagged portal.
 11678 | Bailey   | Entered a bailey
 11743 | Bailey   | Reached *** piety under the Shining One
 11825 | Bailey   | Noticed an orc knight
 11833 | Bailey   | Reached skill level 5 in Maces & Flails
 11833 | Bailey   | Reached skill level 10 in Poison Magic
 11838 | Bailey   | HP: 12/55 [orc knight/+0 glaive (12)]
 11840 | Bailey   | HP: 2/55 [orc knight/+0 glaive (10)]
 11855 | Bailey   | Slain by an orc knight

Vanquished Creatures
  Pikel (D:6)
  A hornet (D:7)
  Grinder (D:3)
  Sigmund (D:6)
  Eustachio (D:6)
  3 chaos spawn (D:8)
  A steam dragon (D:7)
  An acid dragon (D:8)
  A water moccasin (D:6)
  An ice beast (D:5)
  10 orc warriors
  2 black bears
  2 centaurs (D:7)
  An ogre (D:5)
  3 lemures (D:6)
  4 bullfrogs
  A scorpion (D:6)
  A gnoll sergeant (D:8)
  A wyvern skeleton (D:6)
  A killer bee (D:7)
  An electric eel (D:6)
  3 howler monkeys (D:8)
  A centaur zombie (D:6)
  A bullfrog zombie (D:6)
  A gnoll shaman (D:4)
  2 hounds
  2 jellies (D:6)
  A bullfrog skeleton (D:6)
  4 orc priests
  2 centaur skeletons (D:5)
  2 orc wizards
  4 iguanas
  A scorpion zombie (D:5)
  Robin (D:4)
  8 gnolls
  11 adders
  3 white imps
  3 dart slugs
  3 worms (D:2)
  62 orcs
  7 ball pythons
  6 endoplasms
  2 giant cockroaches
  20 goblins
  9 hobgoblins
  12 jackals
  4 quokkas
  3 bats (D:1)
  6 frilled lizards
  13 kobolds
  A quokka skeleton (D:4)
  5 rats
242 creatures vanquished.

Vanquished Creatures (others)
  32 plants
32 creatures vanquished.

Grand Total: 274 creatures vanquished

Table legend:
 A = Non-vault XP
 B = Vault XP
 C = Vault XP percentage of total XP
 D = Non-vault monster count
 E = Vault monster count
 F = Vault count percentage of total count
                 A         B        C        D         E       F
            +---------+---------+-------+---------+---------+-------
      Total |    3396 |    3692 |  52.1 |     148 |      91 |  38.1
            +---------+---------+-------+---------+---------+-------
        D:1 |      46 |       0 |   0.0 |      25 |       0 |   0.0
        D:2 |     118 |       0 |   0.0 |      28 |       0 |   0.0
        D:3 |      84 |     270 |  76.3 |      20 |       5 |  20.0
        D:4 |     299 |      36 |  10.7 |      22 |      15 |  40.5
        D:5 |     430 |      46 |   9.7 |      15 |       2 |  11.8
        D:6 |     777 |    1058 |  57.7 |      12 |       3 |  20.0
        D:7 |     529 |     484 |  47.8 |       7 |       4 |  36.4
        D:8 |    1113 |     911 |  45.0 |      19 |      23 |  54.8
        D:9 |       0 |       7 | 100.0 |       0 |       4 | 100.0
     Bailey |       0 |     880 | 100.0 |       0 |      35 | 100.0
            +---------+---------+-------+---------+---------+-------

Illustrated notes

Table legend:
 A = Kills in this place as a percentage of kills in entire the game.
 B = Kills by you in this place as a percentage of kills by you in the entire game.
 C = Kills by friends in this place as a percentage of kills by friends in the entire game.
 D = Other kills in this place as a percentage of other kills in the entire game.
 E = Experience gained in this place as a percentage of experience gained in the entire game.
 F = Experience gained in this place divided by the number of levels of this place that you have seen.
                   A       B       C       D       E      F
               +-------+-------+-------+-------+-------+----------------------
         Total | 100.0 | 100.0 |   N/A |   N/A | 100.0 | 644.4
       Dungeon |  85.4 |  85.4 |   N/A |   N/A |  87.6 | 689.8
        Bailey |  14.6 |  14.6 |   N/A |   N/A |  12.4 | 880.0
               +-------+-------+-------+-------+-------+----------------------

Table legend: (Time is in decaauts)
 A = Elapsed time spent in this place.
 B = Non-inter-level travel time spent in this place.
 C = Inter-level travel time spent in this place.
 D = Time resting spent in this place.
 E = Time spent auto-exploring this place.
 F = Levels seen in this place.
 G = Mean time per level.
                   A        B        C        D        E       F      G
               +--------+--------+--------+--------+--------+-----+--------+
         Total |  11902 |  11531 |    371 |    679 |   9061 |  11 | 1082.0 |
       Dungeon |  11724 |  11353 |    371 |    679 |   8957 |   9 | 1302.7 |
        Temple |      1 |      1 |      0 |      0 |      0 |   1 |    1.0 |
        Bailey |    177 |    177 |      0 |      0 |    104 |   1 |  177.0 |
               +--------+--------+--------+--------+--------+-----+--------+

Top non-repeatable levels by time:
     D:2: 2034 daAuts
     D:3: 1870 daAuts
     D:7: 1575 daAuts
     D:1: 1428 daAuts
     D:8: 1425 daAuts
     D:6: 1274 daAuts
     D:4: 1092 daAuts
     D:5: 975 daAuts
  Bailey: 177 daAuts
     D:9: 47 daAuts
  Temple: 1 daAuts
